AoeStats
← VitoPedroPiranha

Arabia

510181062Analyzed
2v2 RM · 3d ago on Sep 29, 2026· 75m 59s· 4 players
Game mode
Random Map
Map size
Medium (4 player)
Population
200
Speed
Normal
Resources
Standard
Victory
Conquest
Starting age
Dark Age
Ending age
Imperial Age
RankedLock teamsTeams togetherTeam positionsShared explorationLock speedFull tech treeHidden civsTurbo modeCheats
Victory
Defeat
🇧🇪 Romans · Belgium
991
+16
🇲🇽 Huns · Mexico
969
+16
🇺🇾 Tatars · Uruguay
990
-16
🇺🇾 Magyars · Uruguay
980
-16
mizacory
11:53 Feudal Age
16:36 Castle Age
15:31 Loom
31:26 Stone Mining
31:30 Horse Collar
32:14 Double-Bit Axe
32:27 Gold Mining
33:18 Bloodlines
34:05 Town Watch
34:49 Bow Saw
36:05 Marauders
43:56 Imperial Age
46:53 Pikeman
49:14 Wheelbarrow
49:31 Scale Mail Armor
61:55 Heavy Plow
62:57 Two-Man Saw
64:08 Halberdier
64:48 Squires
64:36 Arson
66:22 Chain Mail Armor
66:17 Forging
66:28 Forging
68:17 Capped Ram
69:41 Caravan
69:23 Siege Ram
75:28 Scale Barding Armor
76:01 Iron Casting
76:28 Atheism
76:29 Conscription
75:29 Elite Tarkan
Severine
6:48 Loom
9:48 Feudal Age
11:15 Double-Bit Axe
14:06 Wheelbarrow
15:44 Scale Barding Armor
15:50 Forging
18:06 Horse Collar
20:56 Castle Age
19:21 Man-at-Arms
22:05 Scale Mail Armor
22:41 Iron Casting
22:45 Bow Saw
22:31 Gold Mining
23:29 Squires
23:06 Long Swordsman
24:59 Chain Mail Armor
24:51 Stone Mining
28:03 Heavy Plow
29:49 Ballistics
29:27 Murder Holes
29:42 Masonry
36:17 Imperial Age
34:03 Hand Cart
36:42 Legionary
38:27 Blast Furnace
38:00 Fletching
39:56 Ballistas
40:12 Conscription
43:19 Elite Centurion
46:08 Chain Barding Armor
45:44 Bodkin Arrow
46:22 Crop Rotation
46:57 Chemistry
50:28 Plate Barding Armor
51:30 Heavy Scorpion
57:05 Capped Ram
58:00 Siege Ram
59:41 Siege Engineers
60:07 Architecture
61:57 Pikeman
69:23 Caravan
elgs
4:59 Loom
7:55 Loom
10:00 Feudal Age
10:35 Double-Bit Axe
11:38 Horse Collar
23:15 Castle Age
25:17 Bloodlines
25:20 Pikeman
26:16 Bow Saw
27:07 Bloodlines
27:06 Scale Barding Armor
27:36 Husbandry
31:02 Wheelbarrow
37:07 Chain Barding Armor
37:18 Hand Cart
36:49 Town Watch
37:05 Heavy Plow
36:58 Gold Mining
40:22 Corvinian Army
43:59 Imperial Age
42:16 Fletching
45:14 Cavalier
46:59 Masonry
47:48 Treadmill Crane
48:16 Siege Engineers
50:44 Chemistry
49:48 Elite Magyar Huszar
51:05 Hoardings
53:28 Conscription
54:11 Plate Barding Armor
62:28 Ballistics
64:29 Paladin
76:52 Parthian Tactics
VitoPedroPiranha
0:27 Loom
10:01 Feudal Age
10:38 Double-Bit Axe
21:16 Castle Age
19:19 Gold Mining
19:59 Fletching
20:11 Padded Archer Armor
21:56 Bodkin Arrow
23:14 Leather Archer Armor
25:01 Husbandry
26:23 Wheelbarrow
30:09 Ballistics
32:25 Forging
35:44 Iron Casting
36:17 Bloodlines
40:26 Scale Barding Armor
61:21 Murder Holes
73:57 Hand Cart
Connection lost

Rejoining the realm…

Still unreachable

The connection could not be restored.

Session expired

The server has moved on; the page needs a fresh start.